Little Stars vs Thunder
(R1)
Created - 27 septembre 2014 at 19:30
Goals
|
| Little Stars |
1 |
4 |
2 |
7 |
| Thunder |
2 |
3 |
1 |
6 |
|
Shots
|
| Little Stars |
6 |
24 |
9 |
39 |
| Thunder |
9 |
12 |
17 |
38 |
|
1st period
1. Little Stars , Éric Belanger 5 (Chris Dingman, Hugh Jessiman) at 9:39
2. Thunder , Scott Parse 3 (Adam Hall, Samuel Pahlsson) at 15:55
3. Thunder , Pierre-Alexandre Parenteau 1 (Dany Roussin, Tom Pyatt) at 16:16
Penalties :
Erik Ersberg (Tex) for Delaying the game (Minor) at 3:00 - Cameron Schilling served the penalty, Brandon Mashinter (TRO) for Hooking (Minor) at 10:35, Adam Hall (TRO) for Tripping (Minor) at 19:47
2nd period
4. Little Stars , Éric Belanger 6 (Mathieu Roy, Matt Halischuk) at 0:33 (PP)
5. Little Stars , Jesse Joensuu 1 (Marcus Kruger, Mathieu Roy) at 1:35
6. Thunder , Samuel Pahlsson 2 (Adam Hall) at 3:36 (PP)
7. Little Stars , Ryan Vesce 4 (Marcus Kruger) at 3:46
8. Little Stars , Mathieu Roy 2 (Ryan Ellis) at 5:10 (PP)
9. Thunder , Samuel Pahlsson 3 (Scott Parse, Brett Festerling) at 19:20
10. Thunder , Adam Hall 1 (Doug Janik, Scott Parse) at 19:32
Penalties :
Matt Pelech (Tex) for Goalie Interference (Minor) at 3:28, Brett Festerling (TRO) for Tripping (Minor) at 4:34, Brandon Mashinter (TRO) for Hooking (Minor) at 11:06, Chris Dingman (Tex) for Hooking (Minor) at 16:04
3rd period
11. Little Stars , Éric Belanger 7 (Clay Wilson) at 6:52
12. Little Stars , Alexander Vasyunov 1 (Hugh Jessiman, Carl Hagelin) at 17:15
13. Thunder , Dany Roussin 2 (Tom Pyatt, Pierre-Alexandre Parenteau) at 19:58 (PP)
Penalties :
Mathieu Roy (Tex) for Boarding (Minor) at 3:52, Ryan Vesce (Tex) for Slashing (Minor) at 11:56, Matt Halischuk (Tex) for High sticking (Minor) at 18:56
Goalie Stats
Erik Ersberg (Tex), 32 saves from 38 shots - (0,842), W, 3-0-0, 60:00 minutes
Ben Bishop (TRO), 11 saves from 16 shots - (0,688), 25:10 minutes
Devan Dubnyk (TRO), 21 saves from 23 shots - (0,913), L, 0-2-0, 34:50 minutes
Players Stats for Little Stars
Player Name G A P +/- PIM S H SB GA TA FO MP PP MP PK MP
------------------------------------------------------------------------------------
Alexander Vasyunov 1 0 1 -1 0 1 0 0 0 0 0/1 9:45 0:12 3:20
Cameron Schilling 0 0 0 0 0 1 1 1 0 0 0/0 14:49 1:08 3:30
Carl Hagelin 0 1 1 0 0 1 0 0 0 0 0/0 9:52 0:00 0:00
Chris Dingman 0 1 1 0 2 4 2 5 0 0 0/0 24:06 2:54 2:50
Clay Wilson 0 1 1 2 0 4 2 2 0 0 0/0 26:15 0:00 4:23
Cody Bass 0 0 0 0 0 1 1 0 0 0 3/8 10:05 0:12 0:00
Corey Trivino 0 0 0 -1 0 0 1 0 0 0 0/1 6:11 0:00 0:00
Éric Belanger 3 0 3 0 0 7 3 3 0 0 11/38 24:31 2:54 3:50
Hugh Jessiman 0 2 2 0 0 1 0 0 0 0 0/3 10:06 0:12 0:00
Jesse Joensuu 1 0 1 2 0 5 1 0 1 1 0/0 15:22 2:14 1:33
Jimmy Hayes 0 0 0 -1 0 2 3 0 0 0 0/1 10:01 0:00 3:14
Landon Ferraro 0 0 0 0 0 0 0 0 0 0 0/0 2:43 0:00 2:34
Marcus Kruger 0 2 2 2 0 3 0 1 1 1 12/17 13:18 2:14 0:06
Mathieu Roy 1 2 3 2 2 5 0 1 0 2 0/0 28:39 4:12 3:04
Matt Halischuk 0 1 1 0 2 0 1 0 0 0 1/2 20:39 2:54 0:00
Matt Pelech 0 0 0 0 2 0 1 0 0 0 0/0 11:56 0:00 0:27
Raphael Diaz 0 0 0 -1 0 0 1 1 0 1 0/0 18:37 1:08 4:35
Robert Czarnik 0 0 0 0 0 0 0 0 0 0 0/0 0:00 0:00 0:00
Ryan Ellis 0 1 1 -1 0 1 1 0 3 0 0/0 19:50 4:12 2:13
Ryan Vesce 1 0 1 2 2 3 3 0 2 0 0/0 14:04 2:14 0:45
Players Stats for Thunder
Player Name G A P +/- PIM S H SB GA TA FO MP PP MP PK MP
------------------------------------------------------------------------------------
Adam Hall 1 2 3 1 2 6 2 0 1 2 2/3 23:58 3:08 2:53
Brandon Mashinter 0 0 0 0 4 2 1 0 1 0 4/6 10:11 0:00 0:31
Brett Festerling 0 1 1 2 2 0 0 0 0 0 0/0 9:26 0:37 0:00
Casey Pierro-Zabotel 0 0 0 0 0 1 1 0 0 0 0/0 9:56 0:20 0:00
Colby Cohen 0 0 0 0 0 0 0 0 0 0 0/0 0:00 0:00 0:00
Dany Roussin 1 1 2 -1 0 4 3 0 0 0 1/2 17:46 4:38 1:46
Daultan Leveillé 0 0 0 -1 0 1 0 0 0 0 0/2 6:03 0:20 0:00
David Fischer 0 0 0 0 0 0 0 1 0 0 0/0 2:53 0:00 0:00
Derek Peltier 0 0 0 -2 0 0 1 0 0 1 0/0 19:28 4:15 1:27
Doug Janik 0 1 1 -1 0 1 2 2 0 2 0/0 28:13 4:15 3:53
Jannik Hansen 0 0 0 0 0 0 0 0 0 0 0/0 2:00 1:17 0:00
Jeff Finger 0 0 0 -1 0 1 1 1 0 0 0/0 28:13 4:15 3:53
Jesse Blacker 0 0 0 0 0 1 0 0 0 0 0/0 1:03 0:36 0:00
Joey Ryan 0 0 0 -2 0 1 2 1 1 0 0/0 19:27 4:14 1:27
Jon Kalinski 0 0 0 -1 0 0 0 0 0 0 0/0 5:43 0:00 0:00
Kelly Zajac 0 0 0 0 0 0 0 0 0 0 0/0 0:00 0:00 0:00
Kevin Montgomery 0 0 0 2 0 0 0 0 0 1 0/0 8:23 0:00 0:00
Mat Clark 0 0 0 0 0 0 1 1 0 0 0/0 2:53 0:00 0:00
Matt D'Agostini 0 0 0 0 0 4 2 1 0 0 1/1 11:34 1:03 0:00
Pierre-Alexandre Parente 1 1 2 -1 0 3 1 0 2 0 0/0 16:12 4:38 0:00
Robin Leblanc 0 0 0 -1 0 0 1 0 0 0 1/1 7:38 1:00 0:00
Samuel Pahlsson 2 1 3 1 0 5 0 1 0 0 25/39 24:45 3:08 3:39
Scott Parse 1 2 3 1 0 6 1 0 0 0 2/2 22:24 3:08 1:24
Taylor Doherty 0 0 0 0 0 0 0 0 0 0 0/0 0:00 0:00 0:00
Tom Pyatt 0 2 2 -1 0 2 1 0 0 1 8/15 16:27 4:38 0:27
3 Stars
1 - Éric Belanger (Tex)
2 - Samuel Pahlsson (TRO)
3 - Scott Parse (TRO)
Power Play
Little Stars - 2 on 4 Attempt(s) - 50,00%
Thunder - 2 on 6 Attempt(s) - 33,33%
Penalty Kill
Little Stars - 4 on 6 Attempt(s) - 66,67%
- Score 0 goal in Penalty Kill
Thunder - 2 on 4 Attempt(s) - 50,00%
- Score 0 goal in Penalty Kill
Official
Referees : O'Halloran Dan and Charron Francis
Linesman : Jay Sharrers and Scott Driscoll
Game Notes
Devan Dubnyk enters game at 5:10 of 2nd period
Éric Belanger has scored a Hat Trick!
Finance
Level 1 -- Attendance: 1406 (70,30%) -- Ticket Income 49 210 $
Level 2 -- Attendance: 790 (79,00%) -- Ticket Income 11 850 $
Total Attendance: 2196 (73,20%)
Total Ticket Income: 61 060 $
Other Income: 3 053 $
Total Income: 64 113 $
Little Stars
5 vs 5 Forward
Center Left Wing Right Wing Time % Phy DF OF
1 Éric Belanger Chris Dingman Matt Halischuk 40 1 2 2
2 Marcus Kruger Jesse Joensuu Ryan Vesce 30 1 2 2
3 Cody Bass Carl Hagelin Hugh Jessiman 20 1 2 2
4 Corey Trivino Alexander Vasyunov Jimmy Hayes 10 1 2 2
5 vs 5 Defense
Defense Defense Time % Phy DF OF
1 Mathieu Roy Clay Wilson 40 1 2 2
2 Raphael Diaz Ryan Ellis 30 1 2 2
3 Cameron Schilling Matt Pelech 20 1 2 2
4 Mathieu Roy Clay Wilson 10 1 2 2
PowerPlay Forward
Center Left Wing Right Wing Time % Phy DF OF
1 Éric Belanger Chris Dingman Matt Halischuk 60 1 2 2
2 Marcus Kruger Jesse Joensuu Ryan Vesce 40 1 2 2
PowerPlay Defense
Defense Defense Time % Phy DF OF
1 Mathieu Roy Ryan Ellis 60 1 2 2
2 Raphael Diaz Cameron Schilling 40 1 2 2
Penalty Kill 4 Players Forward
Center Wing Time % Phy DF OF
1 Éric Belanger Chris Dingman 60 1 2 2
2 Chris Dingman Ryan Vesce 40 1 2 2
Penalty Kill 4 Players Defense
Defense Defense Time % Phy DF OF
1 Mathieu Roy Clay Wilson 60 1 2 2
2 Raphael Diaz Cameron Schilling 40 1 2 2
Penalty Kill - 3 Players Forward
Forward Time % Phy DF OF
1 Éric Belanger 60 1 2 2
2 Marcus Kruger 40 1 2 2
Penalty Kill - 3 Players Defense
Defense Defense Time % Phy DF OF
1 Mathieu Roy Clay Wilson 60 1 2 2
2 Raphael Diaz Cameron Schilling 40 1 2 2
4 vs 4 Forward
Center Wing Time % Phy DF OF
1 Éric Belanger Chris Dingman 60 1 2 2
2 Marcus Kruger Ryan Vesce 40 1 2 2
4 vs 4 Defense
Defense Defense Time % Phy DF OF
1 Mathieu Roy Clay Wilson 60 1 2 2
2 Raphael Diaz Cameron Schilling 40 1 2 2
Last Minutes Offensive
Center Left Wing Right Wing Defense Defense
Marcus Kruger Chris Dingman Matt Halischuk Mathieu Roy Raphael Diaz
Last Minutes Defensive
Center Left Wing Right Wing Defense Defense
Éric Belanger Chris Dingman Hugh Jessiman Mathieu Roy Clay Wilson
Goaltenders
Starting : Erik Ersberg
Backup : Ben Scrivens
Extra Forwards
Normal : Matt Halischuk, Cody Bass, Jimmy Hayes - PP : Matt Halischuk, Cody Bass - PK : Jimmy Hayes
Extra Defensemen
Normal : Mathieu Roy, Ryan Ellis, Raphael Diaz - PP : Mathieu Roy - PK : Ryan Ellis, Raphael Diaz
Penalty Shots
Éric Belanger, Chris Dingman, Hugh Jessiman, Ryan Vesce, Matt Halischuk
Thunder
5 vs 5 Forward
Center Left Wing Right Wing Time % Phy DF OF
1 Samuel Pahlsson Scott Parse Adam Hall 40 1 2 2
2 Tom Pyatt Dany Roussin Pierre-Alexandre Parentea30 1 2 2
3 Brandon Mashinter Casey Pierro-Zabotel Matt D'Agostini 20 1 2 2
4 Daultan Leveillé Jon Kalinski Robin Leblanc 10 1 2 2
5 vs 5 Defense
Defense Defense Time % Phy DF OF
1 Doug Janik Jeff Finger 40 1 2 2
2 Derek Peltier Joey Ryan 30 1 2 2
3 Brett Festerling Kevin Montgomery 20 1 2 2
4 David Fischer Mat Clark 10 1 2 2
PowerPlay Forward
Center Left Wing Right Wing Time % Phy DF OF
1 Samuel Pahlsson Scott Parse Adam Hall 60 1 2 2
2 Tom Pyatt Dany Roussin Pierre-Alexandre Parentea40 1 2 2
PowerPlay Defense
Defense Defense Time % Phy DF OF
1 Doug Janik Jeff Finger 60 1 2 2
2 Derek Peltier Joey Ryan 40 1 2 2
Penalty Kill 4 Players Forward
Center Wing Time % Phy DF OF
1 Samuel Pahlsson Adam Hall 60 1 2 2
2 Scott Parse Dany Roussin 40 1 2 2
Penalty Kill 4 Players Defense
Defense Defense Time % Phy DF OF
1 Doug Janik Jeff Finger 60 1 2 2
2 Derek Peltier Joey Ryan 40 1 2 2
Penalty Kill - 3 Players Forward
Forward Time % Phy DF OF
1 Samuel Pahlsson 60 1 2 2
2 Adam Hall 40 1 2 2
Penalty Kill - 3 Players Defense
Defense Defense Time % Phy DF OF
1 Doug Janik Jeff Finger 60 1 2 2
2 Derek Peltier Joey Ryan 40 1 2 2
4 vs 4 Forward
Center Wing Time % Phy DF OF
1 Samuel Pahlsson Adam Hall 60 1 2 2
2 Scott Parse Dany Roussin 40 1 2 2
4 vs 4 Defense
Defense Defense Time % Phy DF OF
1 Doug Janik Jeff Finger 60 1 2 2
2 Derek Peltier Joey Ryan 40 1 2 2
Last Minutes Offensive
Center Left Wing Right Wing Defense Defense
Samuel Pahlsson Scott Parse Adam Hall Doug Janik Jeff Finger
Last Minutes Defensive
Center Left Wing Right Wing Defense Defense
Samuel Pahlsson Scott Parse Adam Hall Doug Janik Jeff Finger
Goaltenders
Starting : Ben Bishop
Backup : Devan Dubnyk
Extra Forwards
Normal : Matt D'Agostini, Robin Leblanc, Brandon Mashinter - PP : Matt D'Agostini, Robin Leblanc - PK : Brandon Mashinter
Extra Defensemen
Normal : Brett Festerling, Kevin Montgomery, David Fischer - PP : Brett Festerling - PK : Kevin Montgomery, David Fischer
Penalty Shots
Samuel Pahlsson, Adam Hall, Scott Parse, Dany Roussin, Pierre-Alexandre Parenteau
% Time on Ice - Little Stars
Lines # - Real PCT - Wanted PCT - Time Play
Normal Forward
1 - 40% - 40% - 18:24
2 - 24% - 30% - 11:06
3 - 22% - 20% - 9:52
4 - 14% - 10% - 6:11
Normal Defense
1 - 42% - 40% - 19:14
2 - 30% - 30% - 13:28
3 - 23% - 20% - 10:42
4 - 5% - 10% - 2:09
PP Forward
1 - 58% - 60% - 3:06
2 - 42% - 40% - 2:14
PP Defense
1 - 79% - 60% - 4:12
2 - 21% - 40% - 1:08
PK Forward
1 - 70% - 60% - 6:22
2 - 30% - 40% - 2:44
PK Defense
1 - 48% - 60% - 4:20
2 - 52% - 40% - 4:46
PK3 Forward
1 - 0% - 60%
2 - 0% - 40%
PK3 Defense
1 - 0% - 60%
2 - 0% - 40%
44 Forward
1 - 0% - 60%
2 - 0% - 40%
44 Defense
1 - 0% - 60%
2 - 0% - 40%
Last Minute Offensive - 0:00
Last Minute Defensive - 0:01
Total
Forward - 60:00
Defense - 60:00
|
% Time on Ice - Thunder
Lines # - Real PCT - Wanted PCT - Time Play
Normal Forward
1 - 41% - 40% - 18:40
2 - 25% - 30% - 11:34
3 - 21% - 20% - 9:36
4 - 13% - 10% - 5:43
Normal Defense
1 - 44% - 40% - 20:04
2 - 31% - 30% - 14:13
3 - 18% - 20% - 8:23
4 - 6% - 10% - 2:53
PP Forward
1 - 40% - 60% - 3:40
2 - 60% - 40% - 5:26
PP Defense
1 - 47% - 60% - 4:15
2 - 53% - 40% - 4:51
PK Forward
1 - 77% - 60% - 4:06
2 - 23% - 40% - 1:14
PK Defense
1 - 73% - 60% - 3:53
2 - 27% - 40% - 1:27
PK3 Forward
1 - 0% - 60%
2 - 0% - 40%
PK3 Defense
1 - 0% - 60%
2 - 0% - 40%
44 Forward
1 - 0% - 60%
2 - 0% - 40%
44 Defense
1 - 0% - 60%
2 - 0% - 40%
Last Minute Offensive - 0:01
Last Minute Defensive - 0:00
Total
Forward - 60:00
Defense - 60:00
|
Play by Play
1st period
0:01 of 1st period - Éric Belanger wins face-off versus Adam Hall in neutral zone.
0:53 of 1st period - Mathieu Roy is hit by Dany Roussin and loses puck.
1:10 of 1st period - Wrist shot by Chris Dingman.
1:10 of 1st period - Stopped by Ben Bishop with a rebound.
1:12 of 1st period - Snap shot by Mathieu Roy.
1:12 of 1st period - Stopped by Ben Bishop without a rebound.
1:13 of 1st period - Marcus Kruger wins face-off versus Samuel Pahlsson in Thunder zone.
1:14 of 1st period - Slapshot by Raphael Diaz.
1:14 of 1st period - Shot Misses the Net.
1:40 of 1st period - Kevin Montgomery is hit by Cody Bass and loses puck.
2:24 of 1st period - Icing by Doug Janik.
2:25 of 1st period - Tom Pyatt wins face-off versus Cody Bass in Thunder zone.
2:30 of 1st period - Wrist shot by Dany Roussin.
2:30 of 1st period - Stopped by Erik Ersberg without a rebound.
2:31 of 1st period - Samuel Pahlsson wins face-off versus Marcus Kruger in Little Stars zone.
3:00 of 1st period - Snap shot by Daultan Leveillé.
3:00 of 1st period - Stopped by Erik Ersberg without a rebound.
3:00 of 1st period - Minor Penalty to Erik Ersberg for Delaying the game.
3:01 of 1st period - Samuel Pahlsson wins face-off versus Éric Belanger in Little Stars zone.
3:04 of 1st period - Snap shot by Samuel Pahlsson.
3:04 of 1st period - Stopped by Erik Ersberg with a rebound.
3:06 of 1st period - Snap shot by Scott Parse.
3:06 of 1st period - Stopped by Erik Ersberg with a rebound.
3:08 of 1st period - Snap shot by Adam Hall.
3:08 of 1st period - Deflect By Scott Parse.
3:08 of 1st period - Shot Blocked by Chris Dingman.
3:08 of 1st period - Puck is out of play.
3:09 of 1st period - Scott Parse wins face-off versus Éric Belanger in Little Stars zone.
3:54 of 1st period - Wrist shot by Éric Belanger.
3:54 of 1st period - Stopped by Ben Bishop with a rebound.
5:00 of 1st period - Penalty to Cameron Schilling is over, Cameron Schilling is back on ice.
5:03 of 1st period - Off-side.
5:04 of 1st period - Cody Bass wins face-off versus Brandon Mashinter in neutral zone.
5:17 of 1st period - Carl Hagelin is hit by Matt D'Agostini and loses puck.
6:44 of 1st period - Brett Festerling is hit by Ryan Ellis and loses puck.
7:14 of 1st period - Snap shot by Jimmy Hayes.
7:14 of 1st period - Stopped by Ben Bishop with a rebound.
8:03 of 1st period - Snap shot by Matt D'Agostini.
8:03 of 1st period - Stopped by Erik Ersberg with a rebound.
8:10 of 1st period - Off-side.
8:11 of 1st period - Dany Roussin wins face-off versus Éric Belanger in neutral zone.
8:26 of 1st period - Wrist shot by Dany Roussin.
8:26 of 1st period - Shot Misses the Net.
8:36 of 1st period - Samuel Pahlsson is hit by Ryan Vesce and loses puck.
8:57 of 1st period - Wrist shot by Jimmy Hayes.
8:57 of 1st period - Shot Blocked by Mat Clark.
9:03 of 1st period - Clay Wilson is hit by Mat Clark and loses puck.
9:39 of 1st period - Snap shot by Éric Belanger.
9:39 of 1st period - Goal by Éric Belanger - Little Stars : 1 - Thunder : 0.
9:40 of 1st period - Adam Hall wins face-off versus Éric Belanger in neutral zone.
9:55 of 1st period - Snap shot by Éric Belanger.
9:55 of 1st period - Shot Hit the Post.
10:07 of 1st period - Ryan Ellis is hit by Pierre-Alexandre Parenteau and loses puck.
10:35 of 1st period - Minor Penalty to Brandon Mashinter for Hooking.
10:36 of 1st period - Samuel Pahlsson wins face-off versus Éric Belanger in Thunder zone.
12:35 of 1st period - Penalty to Brandon Mashinter is over, Brandon Mashinter is back on ice.
13:07 of 1st period - Wrist shot by Daultan Leveillé.
13:07 of 1st period - Shot Misses the Net.
13:32 of 1st period - Samuel Pahlsson is hit by Jesse Joensuu and loses puck.
14:07 of 1st period - Derek Peltier is hit by Raphael Diaz and loses puck.
14:17 of 1st period - Icing by Derek Peltier.
14:18 of 1st period - Éric Belanger wins face-off versus Brandon Mashinter in Thunder zone.
14:33 of 1st period - Wrist shot by Matt D'Agostini.
14:33 of 1st period - Shot Misses the Net.
14:39 of 1st period - Joey Ryan is hit by Ryan Vesce and loses puck.
15:20 of 1st period - Corey Trivino is hit by Adam Hall and loses puck.
15:29 of 1st period - Jeff Finger is hit by Cameron Schilling and loses puck.
15:42 of 1st period - Adam Hall is hit by Matt Pelech and loses puck.
15:55 of 1st period - Snap shot by Scott Parse.
15:55 of 1st period - Goal by Scott Parse - Little Stars : 1 - Thunder : 1.
15:56 of 1st period - Tom Pyatt wins face-off versus Éric Belanger in neutral zone.
15:59 of 1st period - Chris Dingman is hit by Joey Ryan and loses puck.
16:06 of 1st period - Snap shot by Dany Roussin.
16:06 of 1st period - Stopped by Erik Ersberg without a rebound.
16:07 of 1st period - Tom Pyatt wins face-off versus Matt Halischuk in Little Stars zone.
16:16 of 1st period - Slapshot by Pierre-Alexandre Parenteau.
16:16 of 1st period - Goal by Pierre-Alexandre Parenteau - Little Stars : 1 - Thunder : 2.
16:17 of 1st period - Éric Belanger wins face-off versus Samuel Pahlsson in neutral zone.
16:26 of 1st period - Jeff Finger is hit by Chris Dingman and loses puck.
17:35 of 1st period - Snap shot by Adam Hall.
17:35 of 1st period - Deflect By Samuel Pahlsson.
17:35 of 1st period - Stopped by Erik Ersberg with a rebound.
17:37 of 1st period - Snap shot by Scott Parse.
17:37 of 1st period - Shot Misses the Net.
17:39 of 1st period - Wrist shot by Samuel Pahlsson.
17:39 of 1st period - Shot Blocked by Clay Wilson.
17:49 of 1st period - Wrist shot by Carl Hagelin.
17:49 of 1st period - Stopped by Ben Bishop without a rebound.
17:50 of 1st period - Éric Belanger wins face-off versus Daultan Leveillé in Thunder zone.
18:03 of 1st period - Wrist shot by Éric Belanger.
18:03 of 1st period - Deflect By Matt Halischuk.
18:03 of 1st period - Shot Misses the Net.
18:03 of 1st period - Puck is out of play.
18:04 of 1st period - Marcus Kruger wins face-off versus Samuel Pahlsson in Thunder zone.
18:17 of 1st period - Slapshot by Adam Hall.
18:17 of 1st period - Shot Misses the Net.
18:29 of 1st period - Tom Pyatt is hit by Éric Belanger and loses puck.
18:55 of 1st period - Slapshot by Cody Bass.
18:55 of 1st period - Shot Misses the Net.
19:47 of 1st period - Minor Penalty to Adam Hall for Tripping.
19:48 of 1st period - Samuel Pahlsson wins face-off versus Éric Belanger in Thunder zone.
Goals for this period are 1 for Little Stars vs 2 for Thunder.
Shots for this period are 6 for Little Stars vs 9 for Thunder.
2nd period
0:01 of 2nd period - Samuel Pahlsson wins face-off versus Éric Belanger in neutral zone.
0:31 of 2nd period - Snap shot by Matt Halischuk.
0:31 of 2nd period - Shot Blocked by Samuel Pahlsson.
0:33 of 2nd period - Slapshot by Mathieu Roy.
0:33 of 2nd period - Deflect By Éric Belanger.
0:33 of 2nd period - Goal by Éric Belanger - Little Stars : 2 - Thunder : 2.
0:34 of 2nd period - Marcus Kruger wins face-off versus Tom Pyatt in neutral zone.
1:22 of 2nd period - Dany Roussin is hit by Ryan Vesce and loses puck.
1:29 of 2nd period - Wrist shot by Jesse Joensuu.
1:29 of 2nd period - Stopped by Ben Bishop with a rebound.
1:31 of 2nd period - Wrist shot by Mathieu Roy.
1:31 of 2nd period - Stopped by Ben Bishop with a rebound.
1:33 of 2nd period - Snap shot by Marcus Kruger.
1:33 of 2nd period - Shot Blocked by Jeff Finger.
1:35 of 2nd period - Snap shot by Jesse Joensuu.
1:35 of 2nd period - Deflect By Jeff Finger.
1:35 of 2nd period - Goal by Jesse Joensuu - Little Stars : 3 - Thunder : 2.
1:36 of 2nd period - Samuel Pahlsson wins face-off versus Éric Belanger in neutral zone.
2:02 of 2nd period - Chris Dingman is hit by Robin Leblanc and loses puck.
2:51 of 2nd period - Scott Parse is hit by Clay Wilson and loses puck.
2:56 of 2nd period - Wrist shot by Hugh Jessiman.
2:56 of 2nd period - Shot Misses the Net.
2:58 of 2nd period - Slapshot by Matt Pelech.
2:58 of 2nd period - Shot Blocked by Doug Janik.
3:00 of 2nd period - Snap shot by Cody Bass.
3:00 of 2nd period - Shot Misses the Net.
3:28 of 2nd period - Minor Penalty to Matt Pelech for Goalie Interference.
3:29 of 2nd period - Samuel Pahlsson wins face-off versus Éric Belanger in Little Stars zone.
3:36 of 2nd period - Wrist shot by Samuel Pahlsson.
3:36 of 2nd period - Goal by Samuel Pahlsson - Little Stars : 3 - Thunder : 3.
3:37 of 2nd period - Marcus Kruger wins face-off versus Samuel Pahlsson in neutral zone.
3:42 of 2nd period - Snap shot by Ryan Vesce.
3:42 of 2nd period - Stopped by Ben Bishop with a rebound.
3:44 of 2nd period - Slapshot by Mathieu Roy.
3:44 of 2nd period - Deflect By Adam Hall.
3:44 of 2nd period - Stopped by Ben Bishop without a rebound.
3:45 of 2nd period - Marcus Kruger wins face-off versus Samuel Pahlsson in Thunder zone.
3:46 of 2nd period - Snap shot by Ryan Vesce.
3:46 of 2nd period - Goal by Ryan Vesce - Little Stars : 4 - Thunder : 3.
3:47 of 2nd period - Samuel Pahlsson wins face-off versus Éric Belanger in neutral zone.
4:23 of 2nd period - Snap shot by Marcus Kruger.
4:23 of 2nd period - Stopped by Ben Bishop without a rebound.
4:24 of 2nd period - Cody Bass wins face-off versus Samuel Pahlsson in Thunder zone.
4:34 of 2nd period - Minor Penalty to Brett Festerling for Tripping.
4:35 of 2nd period - Éric Belanger wins face-off versus Samuel Pahlsson in Thunder zone.
4:39 of 2nd period - Wrist shot by Éric Belanger.
4:39 of 2nd period - Stopped by Ben Bishop with a rebound.
5:10 of 2nd period - Slapshot by Mathieu Roy.
5:10 of 2nd period - Deflect By Adam Hall.
5:10 of 2nd period - Goal by Mathieu Roy - Little Stars : 5 - Thunder : 3.
5:10 of 2nd period - Devan Dubnyk enters game.
5:11 of 2nd period - Samuel Pahlsson wins face-off versus Éric Belanger in neutral zone.
5:20 of 2nd period - Snap shot by Samuel Pahlsson.
5:20 of 2nd period - Stopped by Erik Ersberg with a rebound.
5:22 of 2nd period - Wrist shot by Adam Hall.
5:22 of 2nd period - Shot Misses the Net.
5:24 of 2nd period - Snap shot by Scott Parse.
5:24 of 2nd period - Shot Blocked by Éric Belanger.
5:26 of 2nd period - Slapshot by Jeff Finger.
5:26 of 2nd period - Deflect By Scott Parse.
5:26 of 2nd period - Shot Blocked by Éric Belanger.
5:26 of 2nd period - Puck is out of play.
5:27 of 2nd period - Tom Pyatt wins face-off versus Marcus Kruger in Little Stars zone.
5:38 of 2nd period - Snap shot by Ryan Vesce.
5:38 of 2nd period - Shot Misses the Net.
5:40 of 2nd period - Slapshot by Mathieu Roy.
5:40 of 2nd period - Stopped by Devan Dubnyk with a rebound.
5:42 of 2nd period - Slapshot by Mathieu Roy.
5:42 of 2nd period - Shot Misses the Net.
5:52 of 2nd period - Doug Janik is hit by Éric Belanger and loses puck.
6:13 of 2nd period - Snap shot by Hugh Jessiman.
6:13 of 2nd period - Shot Blocked by Matt D'Agostini.
6:22 of 2nd period - Snap shot by Matt D'Agostini.
6:22 of 2nd period - Shot Misses the Net.
6:42 of 2nd period - Backhand shot by Daultan Leveillé.
6:42 of 2nd period - Shot Misses the Net.
6:44 of 2nd period - Snap shot by Robin Leblanc.
6:44 of 2nd period - Shot Misses the Net.
8:01 of 2nd period - Slapshot by Clay Wilson.
8:01 of 2nd period - Shot Blocked by David Fischer.
8:03 of 2nd period - Slapshot by Mathieu Roy.
8:03 of 2nd period - Shot Misses the Net.
8:05 of 2nd period - Wrist shot by Jimmy Hayes.
8:05 of 2nd period - Shot Misses the Net.
8:22 of 2nd period - Off-side.
8:23 of 2nd period - Éric Belanger wins face-off versus Samuel Pahlsson in neutral zone.
9:10 of 2nd period - Raphael Diaz is hit by Matt D'Agostini and loses puck.
10:15 of 2nd period - Snap shot by Clay Wilson.
10:15 of 2nd period - Deflect By Marcus Kruger.
10:15 of 2nd period - Shot Misses the Net.
10:15 of 2nd period - Puck is out of play.
10:16 of 2nd period - Marcus Kruger wins face-off versus Tom Pyatt in Thunder zone.
10:28 of 2nd period - Off-side.
10:29 of 2nd period - Samuel Pahlsson wins face-off versus Éric Belanger in neutral zone.
10:32 of 2nd period - Wrist shot by Samuel Pahlsson.
10:32 of 2nd period - Shot Blocked by Chris Dingman.
10:34 of 2nd period - Wrist shot by Scott Parse.
10:34 of 2nd period - Stopped by Erik Ersberg with a rebound.
10:54 of 2nd period - Clay Wilson is hit by Brandon Mashinter.
11:06 of 2nd period - Minor Penalty to Brandon Mashinter for Hooking.
11:07 of 2nd period - Marcus Kruger wins face-off versus Samuel Pahlsson in Thunder zone.
11:08 of 2nd period - Slapshot by Ryan Ellis.
11:08 of 2nd period - Stopped by Devan Dubnyk without a rebound.
11:09 of 2nd period - Marcus Kruger wins face-off versus Samuel Pahlsson in Thunder zone.
11:35 of 2nd period - Snap shot by Ryan Vesce.
11:35 of 2nd period - Stopped by Devan Dubnyk with a rebound.
11:37 of 2nd period - Wrist shot by Marcus Kruger.
11:37 of 2nd period - Shot Misses the Net.
11:51 of 2nd period - Snap shot by Marcus Kruger.
11:51 of 2nd period - Stopped by Devan Dubnyk with a rebound.
11:53 of 2nd period - Slapshot by Jesse Joensuu.
11:53 of 2nd period - Stopped by Devan Dubnyk without a rebound.
11:54 of 2nd period - Samuel Pahlsson wins face-off versus Éric Belanger in Thunder zone.
12:00 of 2nd period - Icing by Chris Dingman.
12:01 of 2nd period - Samuel Pahlsson wins face-off versus Éric Belanger in Little Stars zone.
12:09 of 2nd period - Off-side.
12:10 of 2nd period - Éric Belanger wins face-off versus Samuel Pahlsson in neutral zone.
12:24 of 2nd period - Off-side.
12:25 of 2nd period - Éric Belanger wins face-off versus Samuel Pahlsson in neutral zone.
13:06 of 2nd period - Penalty to Brandon Mashinter is over, Brandon Mashinter is back on ice.
13:19 of 2nd period - Snap shot by Dany Roussin.
13:19 of 2nd period - Stopped by Erik Ersberg without a rebound.
13:20 of 2nd period - Matt Halischuk wins face-off versus Tom Pyatt in Little Stars zone.
13:49 of 2nd period - Slapshot by Marcus Kruger.
13:49 of 2nd period - Stopped by Devan Dubnyk with a rebound.
14:05 of 2nd period - Brandon Mashinter is hit by Corey Trivino and loses puck.
14:16 of 2nd period - Wrist shot by Matt D'Agostini.
14:16 of 2nd period - Stopped by Erik Ersberg without a rebound.
14:17 of 2nd period - Samuel Pahlsson wins face-off versus Éric Belanger in Little Stars zone.
14:18 of 2nd period - Wrist shot by Adam Hall.
14:18 of 2nd period - Deflect By Scott Parse.
14:18 of 2nd period - Stopped by Erik Ersberg with a rebound.
14:24 of 2nd period - Snap shot by Adam Hall.
14:24 of 2nd period - Stopped by Erik Ersberg with a rebound.
14:42 of 2nd period - Snap shot by Tom Pyatt.
14:42 of 2nd period - Stopped by Erik Ersberg with a rebound.
15:02 of 2nd period - Wrist shot by Jimmy Hayes.
15:02 of 2nd period - Stopped by Devan Dubnyk without a rebound.
15:03 of 2nd period - Samuel Pahlsson wins face-off versus Alexander Vasyunov in Thunder zone.
15:03 of 2nd period - Samuel Pahlsson is hit by Jimmy Hayes.
15:53 of 2nd period - Snap shot by Samuel Pahlsson.
15:53 of 2nd period - Shot Misses the Net.
15:55 of 2nd period - Backhand shot by Scott Parse.
15:55 of 2nd period - Shot Misses the Net.
15:57 of 2nd period - Slapshot by Joey Ryan.
15:57 of 2nd period - Stopped by Erik Ersberg with a rebound.
16:04 of 2nd period - Minor Penalty to Chris Dingman for Hooking.
16:05 of 2nd period - Éric Belanger wins face-off versus Tom Pyatt in Little Stars zone.
16:05 of 2nd period - Éric Belanger is hit by Dany Roussin.
16:18 of 2nd period - Snap shot by Pierre-Alexandre Parenteau.
16:18 of 2nd period - Deflect By Tom Pyatt.
16:18 of 2nd period - Deflect By Éric Belanger.
16:18 of 2nd period - Stopped by Erik Ersberg with a rebound.
17:16 of 2nd period - Slapshot by Clay Wilson.
17:16 of 2nd period - Stopped by Devan Dubnyk with a rebound.
17:29 of 2nd period - Mathieu Roy is hit by Jeff Finger and loses puck.
18:04 of 2nd period - Penalty to Chris Dingman is over, Chris Dingman is back on ice.
18:04 of 2nd period - Robin Leblanc is hit by Chris Dingman and loses puck.
18:11 of 2nd period - Wrist shot by Chris Dingman.
18:11 of 2nd period - Stopped by Devan Dubnyk with a rebound.
18:13 of 2nd period - Wrist shot by Jimmy Hayes.
18:13 of 2nd period - Shot Misses the Net.
18:15 of 2nd period - Slapshot by Clay Wilson.
18:15 of 2nd period - Stopped by Devan Dubnyk with a rebound.
18:17 of 2nd period - Slapshot by Clay Wilson.
18:17 of 2nd period - Stopped by Devan Dubnyk with a rebound.
18:19 of 2nd period - Backhand shot by Jesse Joensuu.
18:19 of 2nd period - Stopped by Devan Dubnyk with a rebound.
18:23 of 2nd period - Snap shot by Jesse Joensuu.
18:23 of 2nd period - Shot Misses the Net.
18:25 of 2nd period - Snap shot by Jesse Joensuu.
18:25 of 2nd period - Stopped by Devan Dubnyk with a rebound.
18:29 of 2nd period - Snap shot by Jesse Joensuu.
18:29 of 2nd period - Shot Misses the Net.
18:31 of 2nd period - Slapshot by Clay Wilson.
18:31 of 2nd period - Shot Misses the Net.
18:33 of 2nd period - Slapshot by Chris Dingman.
18:33 of 2nd period - Stopped by Devan Dubnyk with a rebound.
18:35 of 2nd period - Slapshot by Clay Wilson.
18:35 of 2nd period - Shot Misses the Net.
18:37 of 2nd period - Wrist shot by Chris Dingman.
18:37 of 2nd period - Shot Blocked by Joey Ryan.
18:39 of 2nd period - Slapshot by Clay Wilson.
18:39 of 2nd period - Deflect By Chris Dingman.
18:39 of 2nd period - Shot Misses the Net.
18:39 of 2nd period - Puck is out of play.
18:40 of 2nd period - Samuel Pahlsson wins face-off versus Hugh Jessiman in Thunder zone.
19:20 of 2nd period - Wrist shot by Scott Parse.
19:20 of 2nd period - Deflect By Samuel Pahlsson.
19:20 of 2nd period - Goal by Samuel Pahlsson - Little Stars : 5 - Thunder : 4.
19:21 of 2nd period - Samuel Pahlsson wins face-off versus Éric Belanger in neutral zone.
19:32 of 2nd period - Wrist shot by Adam Hall.
19:32 of 2nd period - Goal by Adam Hall - Little Stars : 5 - Thunder : 5.
19:33 of 2nd period - Samuel Pahlsson wins face-off versus Éric Belanger in neutral zone.
19:40 of 2nd period - Slapshot by Jeff Finger.
19:40 of 2nd period - Shot Blocked by Chris Dingman.
19:42 of 2nd period - Snap shot by Scott Parse.
19:42 of 2nd period - Deflect By Chris Dingman.
19:42 of 2nd period - Shot Misses the Net.
19:42 of 2nd period - Puck is out of play.
19:43 of 2nd period - Samuel Pahlsson wins face-off versus Éric Belanger in Little Stars zone.
Goals for this period are 4 for Little Stars vs 3 for Thunder.
Shots for this period are 24 for Little Stars vs 12 for Thunder.
3rd period
0:01 of 3rd period - Samuel Pahlsson wins face-off versus Éric Belanger in neutral zone.
0:08 of 3rd period - Snap shot by Scott Parse.
0:08 of 3rd period - Shot Blocked by Éric Belanger.
0:10 of 3rd period - Snap shot by Jeff Finger.
0:10 of 3rd period - Shot Misses the Net.
0:12 of 3rd period - Wrist shot by Scott Parse.
0:12 of 3rd period - Deflect By Adam Hall.
0:12 of 3rd period - Stopped by Erik Ersberg without a rebound.
0:13 of 3rd period - Scott Parse wins face-off versus Éric Belanger in Little Stars zone.
0:16 of 3rd period - Snap shot by Adam Hall.
0:16 of 3rd period - Stopped by Erik Ersberg with a rebound.
0:23 of 3rd period - Wrist shot by Adam Hall.
0:23 of 3rd period - Stopped by Erik Ersberg with a rebound.
0:25 of 3rd period - Snap shot by Scott Parse.
0:25 of 3rd period - Shot Misses the Net.
0:27 of 3rd period - Backhand shot by Scott Parse.
0:27 of 3rd period - Stopped by Erik Ersberg with a rebound.
1:09 of 3rd period - Snap shot by Hugh Jessiman.
1:09 of 3rd period - Stopped by Devan Dubnyk without a rebound.
1:10 of 3rd period - Samuel Pahlsson wins face-off versus Éric Belanger in Thunder zone.
1:24 of 3rd period - Off-side.
1:25 of 3rd period - Marcus Kruger wins face-off versus Dany Roussin in neutral zone.
1:41 of 3rd period - Snap shot by Tom Pyatt.
1:41 of 3rd period - Shot Blocked by Marcus Kruger.
1:51 of 3rd period - Adam Hall is hit by Éric Belanger and loses puck.
2:39 of 3rd period - Dany Roussin is hit by Jimmy Hayes and loses puck.
3:52 of 3rd period - Minor Penalty to Mathieu Roy for Boarding.
3:53 of 3rd period - Samuel Pahlsson wins face-off versus Éric Belanger in Little Stars zone.
5:52 of 3rd period - Penalty to Mathieu Roy is over, Mathieu Roy is back on ice.
5:53 of 3rd period - Matt Pelech is hit by Doug Janik and loses puck.
5:58 of 3rd period - Snap shot by Matt D'Agostini.
5:58 of 3rd period - Stopped by Erik Ersberg without a rebound.
5:59 of 3rd period - Brandon Mashinter wins face-off versus Marcus Kruger in Little Stars zone.
6:12 of 3rd period - Snap shot by Jesse Joensuu.
6:12 of 3rd period - Shot Misses the Net.
6:14 of 3rd period - Wrist shot by Cameron Schilling.
6:14 of 3rd period - Stopped by Devan Dubnyk without a rebound.
6:15 of 3rd period - Cody Bass wins face-off versus Tom Pyatt in Thunder zone.
6:20 of 3rd period - Snap shot by Cody Bass.
6:20 of 3rd period - Stopped by Devan Dubnyk without a rebound.
6:21 of 3rd period - Tom Pyatt wins face-off versus Hugh Jessiman in Thunder zone.
6:34 of 3rd period - Wrist shot by Hugh Jessiman.
6:34 of 3rd period - Shot Misses the Net.
6:50 of 3rd period - Wrist shot by Éric Belanger.
6:50 of 3rd period - Stopped by Devan Dubnyk with a rebound.
6:52 of 3rd period - Wrist shot by Éric Belanger.
6:52 of 3rd period - Goal by Éric Belanger - Little Stars : 6 - Thunder : 5.
6:53 of 3rd period - Éric Belanger wins face-off versus Samuel Pahlsson in neutral zone.
6:53 of 3rd period - Éric Belanger is hit by Doug Janik.
7:01 of 3rd period - Wrist shot by Adam Hall.
7:01 of 3rd period - Stopped by Erik Ersberg with a rebound.
7:03 of 3rd period - Snap shot by Scott Parse.
7:03 of 3rd period - Stopped by Erik Ersberg without a rebound.
7:04 of 3rd period - Adam Hall wins face-off versus Éric Belanger in Little Stars zone.
7:04 of 3rd period - Adam Hall is hit by Clay Wilson.
7:06 of 3rd period - Slapshot by Samuel Pahlsson.
7:06 of 3rd period - Shot Blocked by Chris Dingman.
7:12 of 3rd period - Slapshot by Mathieu Roy.
7:12 of 3rd period - Deflect By Chris Dingman.
7:12 of 3rd period - Shot Misses the Net.
7:12 of 3rd period - Puck is out of play.
7:13 of 3rd period - Samuel Pahlsson wins face-off versus Éric Belanger in Thunder zone.
7:21 of 3rd period - Off-side.
7:22 of 3rd period - Samuel Pahlsson wins face-off versus Éric Belanger in neutral zone.
7:30 of 3rd period - Off-side.
7:31 of 3rd period - Éric Belanger wins face-off versus Samuel Pahlsson in neutral zone.
8:38 of 3rd period - Slapshot by Jeff Finger.
8:38 of 3rd period - Shot Misses the Net.
8:40 of 3rd period - Snap shot by Jeff Finger.
8:40 of 3rd period - Shot Blocked by Mathieu Roy.
8:42 of 3rd period - Snap shot by Jeff Finger.
8:42 of 3rd period - Stopped by Erik Ersberg with a rebound.
8:56 of 3rd period - Snap shot by Chris Dingman.
8:56 of 3rd period - Stopped by Devan Dubnyk with a rebound.
9:11 of 3rd period - Scott Parse is hit by Matt Halischuk and loses puck.
9:23 of 3rd period - Wrist shot by Éric Belanger.
9:23 of 3rd period - Stopped by Devan Dubnyk with a rebound.
10:52 of 3rd period - Wrist shot by Éric Belanger.
10:52 of 3rd period - Shot Blocked by Doug Janik.
11:06 of 3rd period - Éric Belanger is hit by Scott Parse and loses puck.
11:17 of 3rd period - Wrist shot by Clay Wilson.
11:17 of 3rd period - Stopped by Devan Dubnyk with a rebound.
11:27 of 3rd period - Snap shot by Samuel Pahlsson.
11:27 of 3rd period - Shot Blocked by Clay Wilson.
11:29 of 3rd period - Snap shot by Scott Parse.
11:29 of 3rd period - Shot Blocked by Chris Dingman.
11:31 of 3rd period - Slapshot by Doug Janik.
11:31 of 3rd period - Shot Misses the Net.
11:33 of 3rd period - Slapshot by Doug Janik.
11:33 of 3rd period - Stopped by Erik Ersberg without a rebound.
11:34 of 3rd period - Marcus Kruger wins face-off versus Tom Pyatt in Little Stars zone.
11:34 of 3rd period - Marcus Kruger is hit by Dany Roussin.
11:39 of 3rd period - Raphael Diaz is hit by Joey Ryan and loses puck.
11:56 of 3rd period - Minor Penalty to Ryan Vesce for Slashing.
11:57 of 3rd period - Tom Pyatt wins face-off versus Jimmy Hayes in Little Stars zone.
11:58 of 3rd period - Wrist shot by Pierre-Alexandre Parenteau.
11:58 of 3rd period - Shot Blocked by Raphael Diaz.
12:00 of 3rd period - Slapshot by Joey Ryan.
12:00 of 3rd period - Shot Misses the Net.
12:02 of 3rd period - Wrist shot by Pierre-Alexandre Parenteau.
12:02 of 3rd period - Shot Misses the Net.
12:04 of 3rd period - Wrist shot by Dany Roussin.
12:04 of 3rd period - Shot Blocked by Cameron Schilling.
12:06 of 3rd period - Snap shot by Tom Pyatt.
12:06 of 3rd period - Shot Misses the Net.
12:42 of 3rd period - Raphael Diaz is hit by Derek Peltier and loses puck.
12:47 of 3rd period - Snap shot by Robin Leblanc.
12:47 of 3rd period - Deflect By Matt D'Agostini.
12:47 of 3rd period - Stopped by Erik Ersberg with a rebound.
12:49 of 3rd period - Slapshot by Jesse Blacker.
12:49 of 3rd period - Stopped by Erik Ersberg with a rebound.
12:51 of 3rd period - Snap shot by Robin Leblanc.
12:51 of 3rd period - Shot Misses the Net.
13:17 of 3rd period - Snap shot by Casey Pierro-Zabotel.
13:17 of 3rd period - Stopped by Erik Ersberg without a rebound.
13:18 of 3rd period - Marcus Kruger wins face-off versus Daultan Leveillé in Little Stars zone.
13:27 of 3rd period - Cameron Schilling is hit by Casey Pierro-Zabotel and loses puck.
13:56 of 3rd period - Penalty to Ryan Vesce is over, Ryan Vesce is back on ice.
13:56 of 3rd period - Snap shot by Matt D'Agostini.
13:56 of 3rd period - Deflect By Pierre-Alexandre Parenteau.
13:56 of 3rd period - Shot Misses the Net.
13:56 of 3rd period - Puck is out of play.
13:57 of 3rd period - Matt D'Agostini wins face-off versus Cody Bass in Little Stars zone.
14:22 of 3rd period - Icing by Matt Pelech.
14:23 of 3rd period - Brandon Mashinter wins face-off versus Cody Bass in Little Stars zone.
14:24 of 3rd period - Wrist shot by Matt D'Agostini.
14:24 of 3rd period - Deflect By Brandon Mashinter.
14:24 of 3rd period - Stopped by Erik Ersberg with a rebound.
14:37 of 3rd period - Off-side.
14:38 of 3rd period - Tom Pyatt wins face-off versus Marcus Kruger in neutral zone.
14:40 of 3rd period - Off-side.
14:41 of 3rd period - Tom Pyatt wins face-off versus Marcus Kruger in neutral zone.
14:45 of 3rd period - Off-side.
14:46 of 3rd period - Marcus Kruger wins face-off versus Tom Pyatt in neutral zone.
15:15 of 3rd period - Wrist shot by Pierre-Alexandre Parenteau.
15:15 of 3rd period - Stopped by Erik Ersberg without a rebound.
15:16 of 3rd period - Brandon Mashinter wins face-off versus Cody Bass in Little Stars zone.
15:21 of 3rd period - Backhand shot by Brandon Mashinter.
15:21 of 3rd period - Stopped by Erik Ersberg with a rebound.
16:26 of 3rd period - Éric Belanger is hit by Adam Hall and loses puck.
17:15 of 3rd period - Snap shot by Alexander Vasyunov.
17:15 of 3rd period - Goal by Alexander Vasyunov - Little Stars : 7 - Thunder : 5.
17:16 of 3rd period - Brandon Mashinter wins face-off versus Cody Bass in neutral zone.
17:50 of 3rd period - Off-side.
17:51 of 3rd period - Robin Leblanc wins face-off versus Corey Trivino in neutral zone.
18:56 of 3rd period - Minor Penalty to Matt Halischuk for High sticking.
18:57 of 3rd period - Samuel Pahlsson wins face-off versus Éric Belanger in Little Stars zone.
19:40 of 3rd period - Pierre-Alexandre Parenteau is hit by Jimmy Hayes and loses puck.
19:47 of 3rd period - Jimmy Hayes is hit by Tom Pyatt and loses puck.
19:54 of 3rd period - Wrist shot by Pierre-Alexandre Parenteau.
19:54 of 3rd period - Stopped by Erik Ersberg with a rebound.
19:58 of 3rd period - Wrist shot by Dany Roussin.
19:58 of 3rd period - Goal by Dany Roussin - Little Stars : 7 - Thunder : 6.
19:59 of 3rd period - Samuel Pahlsson wins face-off versus Hugh Jessiman in neutral zone.
Goals for this period are 2 for Little Stars vs 1 for Thunder.
Shots for this period are 9 for Little Stars vs 17 for Thunder.
Output by the SimonT Hockey Simulator (STHS) for François Prévost -- Original Page W3C XHTML 1.0 Valid